AoeStats
← kirigi_sama

Arabia

509349312Analyzed
1v1 RM · 5d ago on Sep 26, 2026· 51m 21s· 2 players
Game mode
Random Map
Map size
Tiny (2 player)
Population
200
Speed
Normal
Resources
Standard
Victory
Conquest
Starting age
Dark Age
Ending age
Imperial Age
RankedLock teamsTeams togetherTeam positionsShared explorationLock speedFull tech treeHidden civsTurbo modeCheats
Victory
Defeat
🇸🇬 Japanese · Singapore
610
+14
🇫🇷 Byzantines · France
576
-14
MikSs
6:46 Loom
7:11 Loom
11:11 Feudal Age
12:08 Double-Bit Axe
14:22 Horse Collar
16:27 Fletching
27:07 Castle Age
27:16 Elite Skirmisher
28:12 Heavy Plow
28:56 Bodkin Arrow
29:04 Padded Archer Armor
29:54 Bow Saw
30:50 Leather Archer Armor
32:01 Gold Mining
34:24 Wheelbarrow
35:01 Ballistics
39:27 Forging
46:54 Imperial Age
46:54 Scale Barding Armor
47:36 Gold Shaft Mining
48:36 Iron Casting
kirigi_sama
7:31 Loom
9:51 Feudal Age
14:01 Double-Bit Axe
16:14 Bloodlines
18:03 Horse Collar
24:16 Castle Age
25:18 Bow Saw
26:14 Fletching
26:24 Padded Archer Armor
26:26 Scale Mail Armor
26:39 Forging
26:57 Gold Mining
28:54 Wheelbarrow
28:07 Town Watch
30:28 Bodkin Arrow
30:48 Leather Archer Armor
31:57 Ballistics
32:37 Scale Mail Armor
34:38 Gold Shaft Mining
36:46 Heavy Plow
38:10 Thumb Ring
41:44 Imperial Age
39:30 Hand Cart
39:16 Town Patrol
40:00 Squires
39:45 Gambesons
41:05 Iron Casting
42:09 Man-at-Arms
42:55 Long Swordsman
43:47 Scale Mail Armor
44:19 Two-Handed Swordsman
46:05 Blast Furnace
45:21 Chain Mail Armor
45:52 Parthian Tactics
47:50 Two-Man Saw
48:17 Hoardings
47:13 Champion
48:17 Bracer
49:22 Chemistry
49:00 Elite Samurai
50:56 Heavy Cavalry Archer
Connection lost

Rejoining the realm…

Still unreachable

The connection could not be restored.

Session expired

The server has moved on; the page needs a fresh start.